 Dungeon Sprint DCSS version 0.19-a0-1937-g70ed36a (webtiles) character file.

4592 LORDOFBUTT the Unseen (level 10, -4/44 HPs)
             Began as a Spriggan Enchanter on Oct 26, 2016.
             Was the Champion of Dithmenos.
             Killed from afar by a lindwurm (25 damage)
             ... with a blast of flame
             ... in the Dungeon (Sprint VII: "The Pits").
             The game lasted 00:08:07 (1616 turns).

LORDOFBUTT the Unseen (Spriggan Enchanter)          Turns: 1616, Time: 00:08:08

Health: -4/44      AC:  4    Str:  7    XL:     10   Next: 18%
Magic:  28/28      EV: 32    Int: 20    God:    Dithmenos [******]
Gold:   0          SH:  0    Dex: 20    Spells: 5 memorised, 23 levels left

rFire  . . .     SeeInvis +     u - +2 rapier (drain)
rCold  . . .     Gourm    .     b - +1 robe
rNeg   . . .     Faith    .     (shield restricted)
rPois  .         Spirit   .     (helmet restricted)
rElec  .         Reflect  .     t - +0 cloak
rCorr  .         Harm     .     (gloves unavailable)
MR     +....     NoTele   +     (boots unavailable)
Stlth  ++++++++++               (no amulet)
                                k - +3 ring of strength
                                a - +3 ring of intelligence

@: very slightly contaminated, wreathed by umbra, very quick
A: unfitting armour, see invisible, herbivore 3, speed 3, slow metabolism 2
a: Shadow Step, Shadow Form, Renounce Religion


You were in the Dungeon.
You worshipped Dithmenos.
Dithmenos was exalted by your worship.
You were not hungry.

You visited 1 branch

Inventory:

Hand Weapons
 q - a +2 dagger of venom
 u - a +2 rapier of draining (weapon)
Armour
 b - a +1 robe (worn)
 t - a +0 cloak (worn)
Jewellery
 a - a +3 ring of intelligence (left hand)
 k - a +3 ring of strength (right hand)
Scrolls
 m - 3 scrolls of remove curse
 n - 5 scrolls of amnesia
 o - a scroll of summoning
Potions
 e - 7 potions of curing
 f - 12 potions of heal wounds
 g - a potion of haste
 h - 4 potions of magic
 i - 3 potions of berserk rage
 l - 2 potions of invisibility
 r - 2 potions of cure mutation
 s - 2 potions of resistance
Books
 c - a book of Maledictions

   Spells                             Type                      Level
   a - Corona                         Hexes                        1
   b - Ensorcelled Hibernation        Hexes/Ice                    2
   c - Confuse                        Hexes                        3
   d - Tukima's Dance                 Hexes                        3
   e - Dazzling Spray                 Conjuration/Hexes            3
Comestibles
 d - 8 bread rations
 p - 40 fruits


   Skills:
 + Level 11.7 Short Blades
 + Level 14.8 Dodging
 + Level 16.3 Stealth
 * Level 13.3 Spellcasting
 + Level 13.0 Hexes


You had 23 spell levels left.
You knew the following spells:

 Your Spells              Type           Power        Failure   Level  Hunger
a - Corona                Hex            ######.      1%          1    None
b - Ensorcelled Hibernat  Hex/Ice        #####.       1%          2    None
c - Confuse               Hex            ######..     1%          3    None
d - Tukima's Dance        Hex            ######..     1%          3    None
e - Dazzling Spray        Conj/Hex       #####.       1%          3    None


Dungeon Overview and Level Annotations

Branches:
Dungeon (1/1)

Altars:
Ashenzari
Cheibriados
Dithmenos
Elyvilon
Fedhas
Gozag
Hepliaklqana
Kikubaaqudgha
Makhleb
Nemelex Xobeh
Okawaru
Qazlal
Ru
Sif Muna
Trog
Uskayaw
Vehumet
Xom
Yredelemnul
Zin
The Shining One
Beogh
Jiyva
Lugonu


Innate Abilities, Weirdness & Mutations

You are very small and have problems with some larger weapons.
You are too small for most types of armour.
You have supernaturally acute eyesight. (SInv)
You are a herbivore.
You cover ground extremely quickly.
You need consume almost no food.


Message History

You see here a ball python corpse.
There's something blocking the gateway.
There is a huge open gate to the Metal Vault (Medium) here.
You see here a ball python corpse.
You butcher the ball python corpse.
There is a huge open gate to the Metal Vault (Medium) here.
You see here 4 chunks of flesh.
There's something blocking the gateway.
The shadow wraith completely misses you.
There is a huge open gate to the Metal Vault (Medium) here.
There is a huge open gate to the Metal Vault (Medium) here.
The shadow wraith completely misses you.
A swamp dragon comes into view.
The lindwurm breathes flames at you. The blast of flame misses you.
An eye of draining comes into view.
The lindwurm breathes flames at you. The blast of flame hits you!
Ouch! That really hurt!
You die...

.##......†##''######### ######
.##.......##..........# ....#
.##.......##.........)+ ...# .
###...<...##..#####..)#####'##Og.
.##.......##..'..)#.....).og§.ooo
.##.......##.W#.).#...†).).##+##.
###.......##..#†..#.#####..#
.###########..#####.'..)#..#
############....@...#...'oo##+##.
#....#..[[##........#..†#§W......
#....#...[###k###...#...#§O§§....
'....'..).##.D. +...#'###)..####+
#....#..))##... #...).O.O)..#
#....#..))##...G#.......)...+
#############################


You could see a lindwurm.

Vanquished Creatures
  A deep troll (D)
  A phantasmal warrior (D)
  An orc sorcerer (D)
  A guardian serpent (D)
  A guardian mummy (D)
  A polar bear (D)
  A hornet (D)
  A two-headed ogre (D)
  2 blink frogs (D)
  A hippogriff (D)
  Sigmund (D)
  A redback (D)
  A spriggan (D)
  A fire bat (D)
  A porcupine (D)
  An ice beast (D)
  A necrophage (D)
  A phantom (D)
  A centaur (D)
  2 big kobolds (D)
  2 gnoll sergeants (D)
  A jelly (shapeshifter) (D)
  2 orc priests (D)
  An iron imp (D)
  Terence (D)
  8 gnolls (D)
  An adder (D)
  A river rat (D)
  A white imp (D)
  2 oozes (D)
  10 orcs (D)
  A ball python (D)
  A bat skeleton (D)
  A giant cockroach (D)
  A goblin (D)
  A bat (D)
  2 frilled lizards (D)
  A kobold (D)
  A quokka zombie (D)
61 creatures vanquished.

Vanquished Creatures (collateral kills)
  An orc wizard (D)
1 creature vanquished.

Grand Total: 62 creatures vanquished

Notes
Turn   | Place    | Note
-------+----------+-------------------------------------------
     0 | D        | LORDOFBUTT the Spriggan Enchanter began the quest for the Orb.
     0 | D        | Reached XP level 1. HP: 9/9 MP: 5/5
    18 | D        | Found a radiant altar of Vehumet.
    18 | D        | Found a hide-covered altar of Uskayaw.
    18 | D        | Found an ancient bone altar of Kikubaaqudgha.
    18 | D        | Found a viscous altar of Jiyva.
    18 | D        | Found a hazy altar of Hepliaklqana.
    19 | D        | Found a bloodstained altar of Trog.
    19 | D        | Found a deep blue altar of Sif Muna.
    19 | D        | Found a sacrificial altar of Ru.
    19 | D        | Found a stormy altar of Qazlal.
    19 | D        | Found an iron altar of Okawaru.
    19 | D        | Found a sparkling altar of Nemelex Xobeh.
    19 | D        | Found an opulent altar of Gozag.
    19 | D        | Found a blossoming altar of Fedhas.
    19 | D        | Found a white marble altar of Elyvilon.
    19 | D        | Found a shadowy altar of Dithmenos.
    19 | D        | Found a snail-covered altar of Cheibriados.
    20 | D        | Found a burning altar of Makhleb.
    20 | D        | Found a glowing golden altar of the Shining One.
    20 | D        | Found a glowing silver altar of Zin.
    20 | D        | Found a basalt altar of Yredelemnul.
    20 | D        | Found a roughly hewn altar of Beogh.
    21 | D        | Found a corrupted altar of Lugonu.
    21 | D        | Found a shimmering altar of Xom.
    21 | D        | Found a shattered altar of Ashenzari.
    27 | D        | Became a worshipper of Dithmenos the Shadowed
    77 | D        | Reached skill level 5 in Stealth
   104 | D        | Reached * piety under Dithmenos
   121 | D        | Reached XP level 2. HP: 12/13 MP: 5/7
   137 | D        | Learned a level 2 spell: Ensorcelled Hibernation
   140 | D        | Noticed a big kobold
   144 | D        | Reached ** piety under Dithmenos
   144 | D        | Reached skill level 6 in Stealth
   148 | D        | Killed a big kobold
   148 | D        | Reached skill level 7 in Stealth
   148 | D        | Reached skill level 5 in Spellcasting
   148 | D        | Reached skill level 5 in Hexes
   148 | D        | Reached XP level 3. HP: 16/16 MP: 3/10
   148 | D        | Reached XP level 4. HP: 21/21 MP: 3/12
   292 | D        | Noticed a gnoll sergeant
   293 | D        | Noticed Terence
   293 | D        | Noticed a big kobold
   352 | D        | Reached *** piety under Dithmenos
   370 | D        | Killed a gnoll sergeant
   370 | D        | Reached skill level 5 in Short Blades
   370 | D        | Reached skill level 8 in Stealth
   370 | D        | Reached XP level 5. HP: 24/24 MP: 12/14
   397 | D        | Learned a level 3 spell: Confuse
   630 | D        | Killed Terence
   630 | D        | Reached skill level 9 in Stealth
   633 | D        | Reached **** piety under Dithmenos
   648 | D        | Reached skill level 10 in Stealth
   648 | D        | Reached XP level 6. HP: 23/28 MP: 3/17
   747 | D        | Noticed a polar bear
   749 | D        | Killed a polar bear
   749 | D        | Reached skill level 11 in Stealth
   749 | D        | Reached XP level 7. HP: 32/32 MP: 17/19
   755 | D        | Learned a level 3 spell: Tukima's Dance
   759 | D        | Learned a level 3 spell: Dazzling Spray
   761 | D        | Reached skill level 10 in Dodging
   763 | D        | Reached ***** piety under Dithmenos
   770 | D        | Noticed a phantasmal warrior
   770 | D        | Noticed a guardian mummy
   771 | D        | Noticed a fire bat
   774 | D        | Killed a guardian mummy
   774 | D        | Reached skill level 12 in Stealth
   774 | D        | Reached skill level 10 in Hexes
   776 | D        | Killed a phantasmal warrior
   776 | D        | Reached skill level 13 in Stealth
   776 | D        | Reached skill level 10 in Spellcasting
   776 | D        | Reached XP level 8. HP: 36/36 MP: 21/23
   903 | D        | Noticed a jumping spider
   904 | D        | Noticed a hornet
   907 | D        | Killed a hornet
  1014 | D        | Noticed a deep troll
  1017 | D        | Killed a deep troll
  1017 | D        | Reached skill level 10 in Short Blades
  1017 | D        | Reached skill level 14 in Stealth
  1017 | D        | Reached XP level 9. HP: 39/39 MP: 19/25
  1020 | D        | Reached ****** piety under Dithmenos
  1048 | D        | Reached skill level 15 in Stealth
  1056 | D        | Noticed an orc sorcerer
  1067 | D        | Killed an orc sorcerer
  1070 | D        | Noticed an orc knight
  1087 | D        | Noticed a shadow wraith
  1410 | D        | Noticed a guardian serpent
  1420 | D        | Killed a guardian serpent
  1458 | D        | Reached skill level 16 in Stealth
  1458 | D        | Reached XP level 10. HP: 32/44 MP: 27/27
  1588 | D        | Noticed Sigmund
  1590 | D        | Noticed a lindwurm
  1595 | D        | Killed Sigmund
  1610 | D        | Noticed a swamp dragon
  1616 | D        | Killed from afar by a lindwurm

Vault maps used:
D:        pitsprint

Skill      XL: |  1  2  3  4  5  6  7  8  9 10 |
---------------+-------------------------------+-----
Stealth        | 5 7 8 10 11 13 14 16 | 16.3
Spellcasting   | 3 5 6 7 8 10 11 12 13 | 13.3
Short Blades   | 2 4 5 6 7 9 10 11 | 11.7
Dodging        | 4 6 7 8 9 12 13 14 | 14.8
Hexes          | 4 5 6 7 8 10 11 12 13 | 13.0

Action                   |  1- 3 |  4- 6 |  7- 9 | 10-12 || total
-------------------------+-------+-------+-------+-------++-------
Melee: Dagger            |    28 |    31 |     6 |       ||    65
       Rapier            |       |       |    50 |    18 ||    68
 Cast: Ensorcelled Hiber |     2 |     6 |     2 |       ||    10
       Confuse           |       |     2 |     4 |       ||     6
Invok: Shadow Step       |       |       |     1 |       ||     1
  Use: Potion            |       |       |     1 |       ||     1
       Scroll            |       |       |       |     1 ||     1
 Stab: Sleeping          |     5 |     5 |    19 |     3 ||    32
       Distracted        |       |     1 |       |       ||     1
       Confused          |       |     1 |     2 |       ||     3
Dodge: Dodged            |    17 |    28 |    20 |    13 ||    78
